 Dungeon Crawl Stone Soup version 0.28.0-53-g5a82cb258f (webtiles) character file.

Game seed: 2109272881296240428

88 SanguineChosen the Chopper (level 4, -4/41 HPs)
             Began as a Minotaur Berserker on Aug 5, 2022.
             Was a Follower of Trog.
             Slain by a gnoll
             ... wielding a +0 spear
              (8 damage)
             ... on level 3 of the Dungeon.
             The game lasted 00:06:08 (1815 turns).

SanguineChosen the Chopper (Minotaur Berserker)     Turns: 1815, Time: 00:06:09

Health: -4/41      AC:  9    Str: 24    XL:     4   Next: 30%
Magic:  3/3        EV:  9    Int:  4    God:    Trog [*.....]
Gold:   32         SH:  0    Dex: 15    Spells: 3/3 levels left

rFire   . . .      SeeInvis .   a - +0 hand axe
rCold   . . .      Faith    .   (no shield)
rNeg    . . .      Spirit   .   f - +0 chain mail
rPois   .          Reflect  .   i - +0 hat
rElec   .          Harm     .   (no cloak)
rCorr   .          Rampage  .   (no gloves)
Will    .....                   (no boots)
Stlth   ..........              (no amulet)
HPRegen 0.13/turn               b - +6 ring of dexterity
MPRegen 0.08/turn               (no ring)

@: no status effects
A: horns 2, retaliatory headbutt
a: Renounce Religion, Berserk


You were on level 3 of the Dungeon.
You worshipped Trog.
Trog was aware of your devotion.
You visited 1 branch of the dungeon, and saw 3 of its levels.

You collected 32 gold pieces.

Inventory:

Hand Weapons
 a - a +0 hand axe (weapon)
Armour
 f - a +0 chain mail (worn)
 i - a +0 hat (worn)
Jewellery
 b - a +6 ring of dexterity (left hand)
Potions
 c - a potion of brilliance {unknown}
 d - a potion of curing {unknown}
 g - 2 potions of haste
 j - a potion of cancellation {unknown}
 k - a potion of flight {unknown}
 l - a potion of mutation {unknown}


   Skills:
 + Level 4.6 Fighting
 + Level 4.9 Axes
 + Level 3.0 Armour
 + Level 2.6 Dodging


You had 3 spell levels left.
You didn't know any spells.
Your spell library was empty.

Dungeon Overview and Level Annotations

Branches:
Dungeon (3/15)

Altars:


Innate Abilities, Weirdness & Mutations

You have a pair of horns on your head.
You reflexively headbutt those who attack you in melee.


Message History

You hear some strange, mumbled words.
You are confused.
You're too confused to move!
The gnoll barely misses you.
There are monsters nearby!
The gnoll shouts!
You hit something but do no damage.
The gnoll hits you from afar with a +0 halberd.
Something hits you.
You bump into the rock wall.
You feel less confused. The gnoll barely misses you. The orc barely misses you.
Something hits you.
You closely miss something. You slash the orc!
You kill the orc!
Trog accepts your kill. The gnoll closely misses you.
You hear some strange, mumbled words.
You are confused.
You're too confused to move!
The gnoll barely misses you. x2
Something hits you.
The gnoll hits you from afar with a +0 spear.
* * * LOW HITPOINT WARNING * * *
You bump into the rock wall.
The gnoll closely misses you. The gnoll hits you but does no damage.
Something hits you but does no damage. The gnoll hits you but does no damage.
You bump into the rock wall.
The gnoll barely misses you. The gnoll hits you with a +0 flail.
* * * LOW HITPOINT WARNING * * *
Something hits you but does no damage. The gnoll closely misses you.
There are monsters nearby!
There are monsters nearby!
There are monsters nearby!
You bump into the rock wall.
You feel less confused. Something hits you but does no damage.
The gnoll hits you but does no damage.
The gnoll hits you from afar with a +0 halberd.
* * * LOW HITPOINT WARNING * * *
Something hits you.
* * * LOW HITPOINT WARNING * * *
The gnoll hits you from afar with a +0 spear!
You die...

..#.# #.........# *,,,* ..#.#
#.........# *,,,* ..#.#
#.........# *,,,*
..#.#########._### *,,,*
......# ####.## *,,,* ....#.#
#.....# *,,,* #.###.# #.....#
*,,,* ....#.#
#.....########*****,,,*
....#.#
#.....@>....(.,,,,,,,,*
....#.#
#.....g########****,,,*
....#.#
#....g.g.......,,,*,,,*
....#.#
####.#..#######**,*,,,*
....#.########.#..# *,*****
#####..........#..# *,#*,,,
############..#########.#*,,,
#.#.#.#.#.#.#.#)#.#.#.#.#,,,,
##.#.#.#.#.#.#.#.#.#)#.#,*,*,


You could see 3 gnolls.

Vanquished Creatures
  An orc wizard (D:3)
  2 adders (D:2)
  2 dart slugs (D:1)
  3 orcs (D:3)
  4 endoplasms
  A giant cockroach (D:3)
  2 goblins (D:1)
  6 hobgoblins
  5 kobolds
  2 quokkas
  2 ball pythons (D:1)
  5 bats
  3 frilled lizards
  A rat (D:1)
39 creatures vanquished.

Vanquished Creatures (others)
  An orc (D:3)
1 creature vanquished.

Grand Total: 40 creatures vanquished

Notes
Turn   | Place    | Note
-------+----------+-------------------------------------------
     0 | D:1      | SanguineChosen the Minotaur Berserker began the quest for
                  | the Orb.
     0 | D:1      | Reached XP level 1. HP: 19/19 MP: 0/0
   351 | D:1      | Reached XP level 2. HP: 20/27 MP: 1/1
  1055 | D:2      | Reached XP level 3. HP: 34/34 MP: 2/2
  1596 | D:3      | Found a faded altar of an unknown god.
  1782 | D:3      | Reached XP level 4. HP: 12/41 MP: 3/3
  1815 | D:3      | Slain by a gnoll

Illustrated notes

Levels and vault maps discovered:
D:1:      dpeg_arrival_circle_labyrinth_a, layout_rooms,
          amcnicky_mini_rare_corridor_liquid, minmay_tetromino_l4
D:2:      layout_loops_ring
D:3:      layout_basic, serial_corexii_hall, corexii_hall_statues_l,
          chequers_hall_statues_wall_a, basic_ecumenical_altar, uniq_jessica

Skill      XL: |  1  2  3 |
---------------+----------+-----
Fighting       | 4 |  4.6
Axes           | 4 |  4.9
Armour         | 3 |  3.0
Dodging        | |  2.6

Action                   |  1- 3 |  4- 6 || total
-------------------------+-------+-------++-------
Melee: Hand axe          |    73 |    11 ||    84
       Headbutt          |     5 |     1 ||     6
  Use: Scroll            |     5 |       ||     5
       Potion            |       |     1 ||     1
Armor: Animal skin       |    10 |       ||    10
       Chain mail        |    15 |    15 ||    30
Dodge: Dodged            |    31 |    14 ||    45
